 Dungeon Crawl Stone Soup version 0.30-a0-137-gd8773701ce (webtiles) character file.

Game seed: 13142856540101844890

81 SigmundSlayer the Trooper (level 4, -4/37 HPs)
             Began as a Demonspawn Berserker on Sept 23, 2022.
             Was a Believer of Trog.
             Shot with an arrow by a centaur (5 damage)
             ... on level 4 of the Dungeon.
             The game lasted 00:03:06 (3701 turns).

SigmundSlayer the Trooper (Demonspawn Berserker)    Turns: 3701, Time: 00:03:06

Health: -4/37      AC:  7    Str: 19    XL:     4   Next: 20%
Magic:  0/0        EV: 12    Int:  8    God:    Trog [**....]
Gold:   153        SH:  0    Dex: 22    Spells: 3/3 levels left

rFire   + . .      SeeInvis .    a - +0 hand axe
rCold   + . .      Faith    .    (no shield)
rNeg    . . .      Spirit   .    b - +0 animal skin
rPois   +          Reflect  .    (no helmet)
rElec   +          Harm     .    (no cloak)
rCorr   .          Rampage  +    j - -1 pair of gloves "Barayne" {Rampage +Inv rF++ MP-9}
Will    .....                    (no boots)
Stlth   ++........               (no amulet)
HPRegen 0.12/turn                g - ring of Gahou {Ice *Corrode rElec rPois Dex+9}
MPRegen 0.07/turn                (no ring)

@: corroded, sanguine armoured
A: ignite blood 1, sanguine armour 2
a: Renounce Religion, Evoke Invisibility, Berserk, Trog's Hand


You were on level 4 of the Dungeon.
You worshipped Trog.
Trog was pleased with you.
You visited 1 branch of the dungeon, and saw 4 of its levels.

You collected 153 gold pieces.

Inventory:

Hand Weapons
 a - a +0 hand axe (weapon)
Armour
 b - a +0 animal skin (worn)
 j - the -1 pair of gloves "Barayne" (worn) {Rampage +Inv rF++ MP-9}
   (You found it on level 2 of the Dungeon)

   rF:        It greatly protects you from fire.
   MP:        It affects your magic capacity (-9).
   +Inv:      It lets you turn invisible.
   Rampage:   It bestows one free step when moving towards enemies.
Jewellery
 g - the ring of Gahou (left hand) {Ice *Corrode rElec rPois Dex+9}
   (You found it on level 3 of the Dungeon)

   [ring of ice]

   It enhances your ice magic.
   Dex:       It affects your dexterity (+9).
   rF:        It makes you vulnerable to fire.
   rC:        It protects you from cold.
   rElec:     It insulates you from electricity.
   rPois:     It protects you from poison.
   *Corrode:  It may corrode you when you take damage.
Wands
 c - a wand of flame (15)
Scrolls
 i - a scroll of immolation
Potions
 e - 2 potions of resistance {unknown}
 f - 2 potions of degeneration {unknown}
 k - a potion of brilliance {unknown}


   Skills:
 + Level 4.0 Fighting
 + Level 3.9 Axes
 - Level 1.7 Armour
 - Level 1.7 Dodging


You had 3 spell levels left.
You didn't know any spells.
Your spell library contained the following spells:

 Spells                   Type           Power      Damage    Failure   Level
 Summon Small Mammal      Summ           0%         N/A       41%         1
 Ensorcelled Hibernation  Hex/Ice        0%         N/A       54%         2
 Passwall                 Tmut/Erth      0%         N/A       54%         2
 Call Canine Familiar     Summ           0%         N/A       78%         3
 Summon Guardian Golem    Hex/Summ       0%         N/A       78%         3
 Swiftness                Air            0%         N/A       78%         3


Dungeon Overview and Level Annotations

Branches:
Dungeon (4/15)
 Temple: D:4-7

Altars:
Dithmenos
Uskayaw

Shops:
D:1 (   D:3 =


Innate Abilities, Weirdness & Mutations

Your demonic aura sometimes causes spilled blood to erupt in flames.
When seriously injured, your blood forms thick armour. (AC +9)


Message History

The centaur shoots an arrow.
The arrow hits you!
* * * LOW HITPOINT WARNING * * *
Your corrosive artefact corrodes you!
You see here a +0 dagger.
You are too injured to fight recklessly!
You are too injured to fight recklessly!
You are too injured to fight recklessly!
You are too injured to fight recklessly!
You are too injured to fight recklessly!
You are too injured to fight recklessly!
You are too injured to fight recklessly!
You are too injured to fight recklessly!
You are too injured to fight recklessly!
You are too injured to fight recklessly!
You are too injured to fight recklessly!
You are too injured to fight recklessly!
You are too injured to fight recklessly!
Your adder dissolves into shadows!
The centaur shoots an arrow.
The arrow hits you.
* * * LOW HITPOINT WARNING * * *
The centaur shoots an arrow.
The arrow barely misses you.
The centaur shoots an arrow.
The arrow misses your goblin. The arrow misses you.
Your goblin barely misses the centaur.
It was a potion of curing.
You feel better.
The centaur shoots an arrow.
The arrow hits your goblin!
Your goblin dies!
Your goblin's corpse dissolves into shadows!
The centaur shoots an arrow.
The arrow hits you.
* * * LOW HITPOINT WARNING * * *
Aiming: Throw Flame
Press: ? - help, Shift-Dir - straight line, f - centaur
Aim: a centaur, wielding a +0 shortbow (81% to hit)
The puff of flame hits the centaur.
The centaur is lightly wounded.
The centaur shoots an arrow.
The arrow hits you.
* * * LOW HITPOINT WARNING * * *
The centaur shoots an arrow.
The arrow hits you!
* * * LOW HITPOINT WARNING * * *
The centaur shoots an arrow.
The arrow hits you.
You die...

## #.# ####
####..###..#
#......#@..##
............#
....c..)..######
.#.......!.....#
#.....#>.##....
#....##.....#..
#.......#...# #
#.......#.##...
.
##..##.##......#


You could see a centaur.

Vanquished Creatures
  3 adders
  2 dart slugs
  3 endoplasms
  2 giant cockroaches
  6 hobgoblins
  3 jackals (D:1)
  3 quokkas
  7 ball pythons
  A bat (D:3)
  3 frilled lizards
  5 goblins
  6 kobolds
  5 rats
49 creatures vanquished.

Vanquished Creatures (others)
  A plant (D:2)
1 creature vanquished.

Grand Total: 50 creatures vanquished

Notes
Turn   | Place    | Note
-------+----------+-------------------------------------------
     0 | D:1      | SigmundSlayer the Demonspawn Berserker began the quest for
                  | the Orb.
     0 | D:1      | Reached XP level 1. HP: 18/18 MP: 1/1
   444 | D:1      | Gained mutation: When seriously injured, your blood forms
                  | armour. (AC +9) [demonic ancestry]
   444 | D:1      | Reached XP level 2. HP: 6/24 MP: 2/2
   985 | D:1      | Found Linew's Antique Weapon Shoppe.
  1491 | D:2      | Gained mutation: Your demonic aura sometimes causes spilled
                  | blood to erupt in flames. [demonic ancestry]
  1491 | D:2      | Reached XP level 3. HP: 20/29 MP: 3/3
  1688 | D:2      | Identified the -1 pair of gloves "Barayne" {Rampage +Inv
                  | rF++ MP-9}
  2047 | D:2      | Reached ** piety under Trog
  2488 | D:2      | Found a faded altar of an unknown god.
  2894 | D:3      | Identified the ring of Gahou {Ice *Corrode rElec rPois
                  | Dex+9}
  2919 | D:3      | Found Woimif's Jewellery Emporium.
  3061 | D:3      | Found a hide-covered altar of Uskayaw.
  3076 | D:3      | Gained mutation: When seriously injured, your blood forms
                  | thick armour. (AC +9) [demonic ancestry]
  3076 | D:3      | Reached XP level 4. HP: 21/37 MP: 0/4
  3677 | D:4      | Reached skill level 4 in Fighting
  3678 | D:4      | Found a shadowy altar of Dithmenos.
  3691 | D:4      | Noticed a centaur
  3701 | D:4      | HP: 1/37 [centaur/arrow (7)]
  3701 | D:4      | Shot with an arrow by a centaur

Illustrated notes

Levels and vault maps discovered:
D:1:      dpeg_arrival_brainrot, layout_loops_corners, serial_shops, shop
D:2:      layout_basic, shapermc_ecumenical_altar_mp_vishouse, serial_forest,
          infiniplex_forest_split, infiniplex_forest_zigzag_1,
          infiniplex_forest_lined_room_, infiniplex_forest_3_way,
          infiniplex_forest_lined_2, infiniplex_forest_lined_1,
          infiniplex_forest_lined_4_way, infiniplex_forest_lined_2
D:3:      layout_rooms, marbit_many_paths, serial_shops,
          nicolae_shop_advertising_works [nicolae_subvault_shop_adworks]
D:4:      layout_cave_pools, lemuel_crystal_altar, hangedman_decor_points,
          uniq_robin

Skill      XL: |  1  2  3  4 |
---------------+-------------+-----
Axes           | 3 |  3.9
Fighting       | 4 |  4.0
Armour         | |  1.7
Dodging        | |  1.7

Action                   |  1- 3 |  4- 6 || total
-------------------------+-------+-------++-------
Melee: Hand axe          |   122 |    20 ||   142
Evoke: Wand              |       |     1 ||     1
  Use: Scroll            |     4 |     3 ||     7
       Potion            |       |     1 ||     1
 Stab: Sleeping          |     1 |     2 ||     3
Armor: Animal skin       |    23 |     2 ||    25
Dodge: Dodged            |    84 |    14 ||    98

Table legend: (Time is in decaauts)
 A = Elapsed time spent in this place.
 B = Non-inter-level travel time spent in this place.
 C = Inter-level travel time spent in this place.
 D = Time resting spent in this place.
 E = Time spent auto-exploring this place.
 F = Levels seen in this place.
 G = Mean time per level.
                   A        B        C        D        E       F      G
               +--------+--------+--------+--------+--------+-----+--------+
         Total |   3717 |   3667 |     50 |    251 |   3022 |   4 |  929.2 |
       Dungeon |   3717 |   3667 |     50 |    251 |   3022 |   4 |  929.2 |
               +--------+--------+--------+--------+--------+-----+--------+

Top non-repeatable levels by time:
     D:1: 1475 daAuts
     D:2: 1404 daAuts
     D:3: 797 daAuts
     D:4: 40 daAuts
